TOP OF THE 1ST |
Mercer Island Screaming Eagles batting - Pitching for Richland Rails : RHP Barney Starr
|
Pitching: RHP Barney Starr
|
|
Batting: LHB Jacob Herman
|
0-0: Foul Ball, location: 2F 0-1: Called Strike 0-2: Strikes out swinging
|
Batting: RHB Jeffery Campbell
|
0-0: SOLO HOME RUN (Flyball, 9LD), Distance : 331 ft
|
Batting: RHB Logan Cole
|
0-0: Ball 1-0: Reached on error, E6 (Groundball, 6)
|
Batting: SHB Ray Davis
|
0-0: Foul Ball, location: 2F 0-1: Ball 1-1: Called Strike 1-2: Strikes out looking
|
Batting: RHB Bastiaan Trommel
|
0-0: Ball 1-0: Foul Ball, location: 2F 1-1: Foul Ball, location: 2F 1-2: Fly out, F1 (Line Drive, 13)
|
Top of the 1st over - 1 run, 1 hit, 1 error, 1 left on base; Mercer Island 1 - Richland 0 |
BOTTOM OF THE 1ST |
Richland Rails batting - Pitching for Mercer Island Screaming Eagles : RHP Sy-ing Tah
|
Pitching: RHP Sy-ing Tah
|
|
Batting: RHB Christian Gentry
|
0-0: Fly out, F8 (Flyball, 8RD)
|
Batting: LHB Alistair Mix
|
0-0: Ball 1-0: Swinging Strike 1-1: Foul Ball, location: 2F 1-2: Ball 2-2: Ball 3-2: SINGLE (Line Drive, 34)
|
Batting: RHB Alexandre Keeping
|
0-0: Called Strike 0-1: Ball 1-1: Called Strike 1-2: Ball 2-2: Strikes out swinging
|
Batting: RHB Scott Ramsey
|
0-0: Ball Alistair Mix steals 2nd base 1-0: Ball 2-0: Called Strike 2-1: Ball Passed Ball! Alistair Mix to third 3-1: Foul Ball, location: 2F 3-2: Foul Ball, location: 2F 3-2: Foul Ball, location: 2F 3-2: Foul Ball, location: 2F 3-2: Fly out, F9 (Flyball, 9S)
|
Bottom of the 1st over - 0 runs, 1 hit, 0 errors, 1 left on base; Mercer Island 1 - Richland 0 |
TOP OF THE 2ND |
Mercer Island Screaming Eagles batting - Pitching for Richland Rails : RHP Barney Starr
|
Batting: SHB Silas Floyd
|
0-0: Called Strike 0-1: Swinging Strike 0-2: Ball 1-2: Strikes out swinging, 2-3 out at first.
|
Batting: LHB Jorge Pérez
|
0-0: Called Strike 0-1: Ball 1-1: Ball 2-1: Called Strike 2-2: Ball 3-2: Ground out 5-3 (Groundball, 56)
|
Batting: RHB Giobbe Bastedo
|
0-0: Ball 1-0: Called Strike 1-1: Ball 2-1: Ball 3-1: Base on Balls
|
Batting: RHB Stanley van de Ven
|
0-0: Called Strike Giobbe Bastedo steals 2nd base 0-1: Ground out 6-3 (Groundball, 6M)
|
Top of the 2nd over - 0 runs, 0 hits, 0 errors, 1 left on base; Mercer Island 1 - Richland 0 |
BOTTOM OF THE 2ND |
Richland Rails batting - Pitching for Mercer Island Screaming Eagles : RHP Sy-ing Tah
|
Batting: SHB Jorge Colón
|
0-0: Ball 1-0: Ball 2-0: Fly out, F9 (Flyball, 89M)
|
Batting: LHB Orlando Casillas
|
0-0: Ground out 6-3 (Groundball, 6M)
|
Batting: RHB Leon Carlisle
|
0-0: Fly out, F9 (Flyball, 9LS)
|
Bottom of the 2nd over - 0 runs, 0 hits, 0 errors, 0 left on base; Mercer Island 1 - Richland 0 |
TOP OF THE 3RD |
Mercer Island Screaming Eagles batting - Pitching for Richland Rails : RHP Barney Starr
|
Batting: LHB Jacob Herman
|
0-0: Called Strike 0-1: Fly out, F8 (Line Drive, 8LM)
|
Batting: RHB Jeffery Campbell
|
0-0: Ball 1-0: Foul Ball, location: 2F 1-1: Called Strike 1-2: Ball 2-2: Ball 3-2: Base on Balls
|
Batting: RHB Logan Cole
|
0-0: Called Strike 0-1: Ball 1-1: Ball 2-1: SINGLE (Groundball, 34D) Jeffery Campbell to second Runner from 2nd tries for 3rd, SAFE, no throw
|
Batting: SHB Ray Davis
|
0-0: Ball 1-0: Called Strike 1-1: Fly out, F7 (Flyball, 78D) Runner from 3rd tags up, SCORES, throw made
|
Batting: RHB Bastiaan Trommel
|
0-0: Called Strike 0-1: Called Strike 0-2: Ball 1-2: Ball 2-2: Strikes out swinging
|
Top of the 3rd over - 1 run, 1 hit, 0 errors, 1 left on base; Mercer Island 2 - Richland 0 |
BOTTOM OF THE 3RD |
Richland Rails batting - Pitching for Mercer Island Screaming Eagles : RHP Sy-ing Tah
|
Batting: RHB Michael Bradshaw
|
0-0: Called Strike 0-1: Ground out 1-3 (Groundball, 13S)
|
Batting: RHB León Preciado
|
0-0: Foul Ball, location: 2F 0-1: Foul Ball, location: 2F 0-2: Ball 1-2: Ground out 6-3 (Groundball, 6)
|
Batting: RHB Christian Gentry
|
0-0: Foul Ball, location: 2F 0-1: Called Strike 0-2: Strikes out swinging
|
Bottom of the 3rd over - 0 runs, 0 hits, 0 errors, 0 left on base; Mercer Island 2 - Richland 0 |
TOP OF THE 4TH |
Mercer Island Screaming Eagles batting - Pitching for Richland Rails : RHP Barney Starr
|
Batting: SHB Silas Floyd
|
0-0: Swinging Strike 0-1: Called Strike 0-2: Foul Ball, location: 2F 0-2: Ball 1-2: Ball 2-2: Ball 3-2: SOLO HOME RUN (Flyball, 9LD), Distance : 340 ft
|
Batting: LHB Jorge Pérez
|
0-0: SINGLE (Line Drive, 8RS)
|
Batting: RHB Giobbe Bastedo
|
0-0: Fly out, F8 (Flyball, 8LM)
|
Batting: RHB Stanley van de Ven
|
0-0: Called Strike 0-1: Ball 1-1: Ball 2-1: Swinging Strike 2-2: Ball 3-2: Strikes out swinging
|
Batting: LHB Jacob Herman
|
0-0: Ball 1-0: Ball 2-0: Called Strike 2-1: 2-RUN HOME RUN (Flyball, 9LD), Distance : 332 ft
|
Batting: RHB Jeffery Campbell
|
0-0: Foul Ball, location: 2F 0-1: Swinging Strike 0-2: Strikes out swinging
|
Top of the 4th over - 3 runs, 3 hits, 0 errors, 0 left on base; Mercer Island 5 - Richland 0 |
BOTTOM OF THE 4TH |
Richland Rails batting - Pitching for Mercer Island Screaming Eagles : RHP Sy-ing Tah
|
Batting: LHB Alistair Mix
|
0-0: Ball 1-0: Ground out 5-3 (Groundball, 56)
|
Batting: RHB Alexandre Keeping
|
0-0: Ground out 6-3 (Groundball, 6)
|
Batting: RHB Scott Ramsey
|
0-0: Ball 1-0: Ball 2-0: Called Strike 2-1: Ground out 1-3 (Groundball, 23)
|
Bottom of the 4th over - 0 runs, 0 hits, 0 errors, 0 left on base; Mercer Island 5 - Richland 0 |
TOP OF THE 5TH |
Mercer Island Screaming Eagles batting - Pitching for Richland Rails : RHP Barney Starr
|
Batting: RHB Logan Cole
|
0-0: Swinging Strike 0-1: SINGLE (Flyball, 9S)
|
Batting: SHB Ray Davis
|
0-0: Ball 1-0: Ball 2-0: Fly out, F8 (Flyball, 8LD)
|
Batting: RHB Bastiaan Trommel
|
0-0: Ball 1-0: Called Strike 1-1: Foul Ball, location: 2F 1-2: Foul Ball, location: 2F 1-2: Strikes out swinging
|
Batting: SHB Silas Floyd
|
0-0: Called Strike 0-1: Swinging Strike 0-2: Ball 1-2: Strikes out swinging
|
Top of the 5th over - 0 runs, 1 hit, 0 errors, 1 left on base; Mercer Island 5 - Richland 0 |
BOTTOM OF THE 5TH |
Richland Rails batting - Pitching for Mercer Island Screaming Eagles : RHP Sy-ing Tah
|
Batting: SHB Jorge Colón
|
0-0: Ball 1-0: Called Strike 1-1: Swinging Strike 1-2: Ground out 6-3 (Groundball, 6)
|
Batting: LHB Orlando Casillas
|
0-0: Foul Ball, location: 2F 0-1: Ball 1-1: Ball 2-1: Ball 3-1: Ground out 6-3 (Groundball, 6)
|
Batting: RHB Leon Carlisle
|
0-0: Ball 1-0: Ball 2-0: DOUBLE (Flyball, 78D)
|
Batting: RHB Michael Bradshaw
|
0-0: Ball 1-0: SINGLE (Line Drive, 7S) Leon Carlisle to third Runner from 3rd tries for Home, SAFE, no throw
|
Batting: RHB León Preciado
|
0-0: Foul Ball, location: 2F 0-1: Fly out, F4 (Line Drive, 4M)
|
Bottom of the 5th over - 1 run, 2 hits, 0 errors, 1 left on base; Mercer Island 5 - Richland 1 |
TOP OF THE 6TH |
Mercer Island Screaming Eagles batting - Pitching for Richland Rails : RHP Barney Starr
|
Batting: LHB Jorge Pérez
|
0-0: Ball 1-0: Ground out 4-3 (Groundball, 4)
|
Batting: RHB Giobbe Bastedo
|
0-0: Foul Ball, location: 2F 0-1: Called Strike 0-2: Foul Ball, location: 2F 0-2: Strikes out looking
|
Batting: RHB Stanley van de Ven
|
0-0: Called Strike 0-1: Swinging Strike 0-2: Foul Ball, location: 2F 0-2: Foul Ball, location: 2F 0-2: Fly out, F7 (Flyball, 7S)
|
Top of the 6th over - 0 runs, 0 hits, 0 errors, 0 left on base; Mercer Island 5 - Richland 1 |
BOTTOM OF THE 6TH |
Richland Rails batting - Pitching for Mercer Island Screaming Eagles : RHP Sy-ing Tah
|
Batting: RHB Christian Gentry
|
0-0: Ball 1-0: Called Strike 1-1: Called Strike 1-2: Ball 2-2: Strikes out looking
|
Batting: LHB Alistair Mix
|
0-0: Foul Ball, location: 2F 0-1: Ball 1-1: Foul Ball, location: 2F 1-2: Fly out, F9 (Flyball, 9LM)
|
Batting: RHB Alexandre Keeping
|
0-0: Ball 1-0: Ground out 6-3 (Groundball, 6)
|
Bottom of the 6th over - 0 runs, 0 hits, 0 errors, 0 left on base; Mercer Island 5 - Richland 1 |
TOP OF THE 7TH |
Mercer Island Screaming Eagles batting - Pitching for Richland Rails : RHP Barney Starr
|
Pitching: RHP Miguel Hernández
|
|
Batting: LHB Jacob Herman
|
0-0: Ball 1-0: Ball 2-0: Called Strike 2-1: Foul Ball, location: 2F 2-2: Ball 3-2: Foul Ball, location: 2F 3-2: SINGLE (Line Drive, 56)
|
Batting: RHB Jeffery Campbell
|
0-0: TRIPLE (Flyball, 9D) Jacob Herman scores
|
Batting: RHB Logan Cole
|
0-0: Ball 1-0: Ball 2-0: Called Strike 2-1: Foul Ball, location: 2F 2-2: Ground out 6-3 (Groundball, 6S)
|
Batting: SHB Ray Davis
|
0-0: Swinging Strike 0-1: Fly out, F9 (Flyball, 89XD) Runner from 3rd tags up, SCORES, no throw
|
Batting: RHB Bastiaan Trommel
|
0-0: Ball 1-0: Ball 2-0: Foul Ball, location: 2F 2-1: Foul Ball, location: 2F 2-2: Foul Ball, location: 2F 2-2: Ball 3-2: Foul Ball, location: 2F 3-2: Foul Ball, location: 2F 3-2: Base on Balls
|
Batting: SHB Silas Floyd
|
0-0: Called Strike 0-1: Foul Ball, location: 2F 0-2: Ball 1-2: Strikes out swinging
|
Top of the 7th over - 2 runs, 2 hits, 0 errors, 1 left on base; Mercer Island 7 - Richland 1 |
BOTTOM OF THE 7TH |
Richland Rails batting - Pitching for Mercer Island Screaming Eagles : RHP Sy-ing Tah
|
Batting: RHB Scott Ramsey
|
0-0: Ball 1-0: Swinging Strike 1-1: Foul Ball, location: 2F 1-2: Ball 2-2: Strikes out swinging
|
Batting: SHB Jorge Colón
|
0-0: Called Strike 0-1: Ball 1-1: Fly out, F9 (Flyball, 89XD)
|
Batting: LHB Orlando Casillas
|
0-0: Ball 1-0: Ball 2-0: SOLO HOME RUN (Flyball, 7LD), Distance : 334 ft
|
Batting: RHB Leon Carlisle
|
0-0: Ball 1-0: Called Strike 1-1: Ball 2-1: Swinging Strike 2-2: Foul Ball, location: 2F 2-2: Foul Ball, location: 2F 2-2: Foul Ball, location: 2F 2-2: Ground out 6-3 (Groundball, 6)
|
Bottom of the 7th over - 1 run, 1 hit, 0 errors, 0 left on base; Mercer Island 7 - Richland 2 |
TOP OF THE 8TH |
Mercer Island Screaming Eagles batting - Pitching for Richland Rails : RHP Miguel Hernández
|
Batting: LHB Jorge Pérez
|
0-0: Ball 1-0: Ball 2-0: Ball 3-0: Called Strike 3-1: Called Strike 3-2: Foul Ball, location: 2F 3-2: Fly out, F8 (Flyball, 89D)
|
Batting: RHB Giobbe Bastedo
|
0-0: Foul Ball, location: 2F 0-1: Foul Ball, location: 2F 0-2: Ball 1-2: Strikes out swinging
|
Batting: RHB Stanley van de Ven
|
0-0: Swinging Strike 0-1: SOLO HOME RUN (Flyball, 7LD), Distance : 318 ft
|
Batting: LHB Jacob Herman
|
0-0: Called Strike 0-1: Swinging Strike 0-2: Ball 1-2: Ball 2-2: Ball 3-2: Base on Balls
|
Pitching: LHP Matt Crowley
|
|
Batting: RHB Jeffery Campbell
|
0-0: SINGLE (Groundball, 34D) Jacob Herman to second Runner from 2nd tries for 3rd, SAFE, no throw
|
Batting: RHB Logan Cole
|
0-0: Fly out, F7 (Flyball, 7LM)
|
Top of the 8th over - 1 run, 2 hits, 0 errors, 2 left on base; Mercer Island 8 - Richland 2 |
BOTTOM OF THE 8TH |
Richland Rails batting - Pitching for Mercer Island Screaming Eagles : RHP Sy-ing Tah
|
Batting: RHB Michael Bradshaw
|
0-0: Ball 1-0: Ball 2-0: Foul Ball, location: 2F 2-1: Fly out, F8 (Line Drive, 8RM)
|
Batting: RHB León Preciado
|
0-0: Ball 1-0: Ball 2-0: Swinging Strike 2-1: Called Strike 2-2: SINGLE (Groundball, 56D)
|
Batting: RHB Christian Gentry
|
0-0: Ball 1-0: Fly out, F9 (Line Drive, 9S)
|
Batting: LHB Alistair Mix
|
0-0: Called Strike 0-1: Foul Ball, location: 2F 0-2: Ball 1-2: Strikes out swinging
|
Bottom of the 8th over - 0 runs, 1 hit, 0 errors, 1 left on base; Mercer Island 8 - Richland 2 |
TOP OF THE 9TH |
Mercer Island Screaming Eagles batting - Pitching for Richland Rails : LHP Matt Crowley
|
Batting: SHB Ray Davis
|
0-0: Ball 1-0: Called Strike 1-1: Ball 2-1: Foul Ball, location: 2F 2-2: Ground out 4-3 (Groundball, 4)
|
Batting: RHB Bastiaan Trommel
|
0-0: Ball 1-0: Foul Ball, location: 2F 1-1: Ball 2-1: Ball 3-1: Called Strike 3-2: DOUBLE (Line Drive, 7LD)
|
Batting: SHB Silas Floyd
|
0-0: Called Strike 0-1: Called Strike 0-2: Ball 1-2: Strikes out swinging
|
Batting: LHB Jorge Pérez
|
0-0: SINGLE (Line Drive, 6D) Bastiaan Trommel to third Runner from 3rd tries for Home, SAFE, no throw
|
Batting: RHB Giobbe Bastedo
|
0-0: SINGLE (Groundball, 6) (infield hit) Jorge Pérez to second
|
Batting: RHB Stanley van de Ven
|
0-0: Ball 1-0: Foul Ball, location: 2F 1-1: Ball 2-1: Called Strike 2-2: Ground out 6-3 (Groundball, 6S)
|
Top of the 9th over - 1 run, 3 hits, 0 errors, 2 left on base; Mercer Island 9 - Richland 2 |
BOTTOM OF THE 9TH |
Richland Rails batting - Pitching for Mercer Island Screaming Eagles : RHP Sy-ing Tah
|
Batting: RHB Alexandre Keeping
|
0-0: Called Strike 0-1: Ground out 6-3 (Groundball, 6)
|
Batting: RHB Scott Ramsey
|
0-0: Called Strike 0-1: Called Strike 0-2: Fly out, F5 (Line Drive, 5S)
|
Batting: SHB Jorge Colón
|
0-0: Ball 1-0: Fly out, F9 (Line Drive, 9LM)
|
Bottom of the 9th over - 0 runs, 0 hits, 0 errors, 0 left on base; Mercer Island 9 - Richland 2 |
|